 Dungeon Crawl Stone Soup version 0.17-a0-1174-ge06b3cc (webtiles) character file.

31226 neecht the Unseen (level 13, 0/55 HPs)
             Began as a Spriggan Enchanter on May 29, 2015.
             Was a High Priest of Dithmenos.
             Slain by a swamp dragon (15 damage)
             ... on level 4 of the Swamp.
             The game lasted 01:06:58 (8516 turns).

neecht the Unseen (Spriggan Enchanter)              Turns: 8516, Time: 01:06:58

Health: 0/55       AC:  4    Str:  7    XL:     13   Next: 24%
Magic:  29/36      EV: 32    Int: 17    God:    Dithmenos [*****.]
Gold:   964        SH:  8    Dex: 20    Spells: 5 memorised, 19 levels left

rFire  + + .     SeeInvis +     y - +3 dagger (venom)
rCold  + + .     Clarity  .     W - +0 robe "Gumueton" {rF+++ MP+9 Str-2 Stlth+}
rNeg   . . .     SustAt   .     t - +0 buckler
rPois  .         Gourm    .     l - +2 hat {rC+}
rElec  .         Spirit   .     (no cloak)
rCorr  .         Warding  .     (gloves unavailable)
rMut   .         Stasis   .     (boots unavailable)
MR     +....                    (no amulet)
Stlth  ++++++++++               B - ring of Deulesmy {Ice MR- Str+4}
                                s - ring of wizardry

@: very slightly contaminated, wreathed by umbra, very quick, somewhat resistant
to hostile enchantments, uncannily stealthy
A: unfitting armour, antennae 1, see invisible, herbivore 3, speed 3, slow
metabolism 2
a: Shadow Step, Shadow Form, Renounce Religion


You were on level 4 of the Swamp.
You worshipped Dithmenos.
Dithmenos was extremely pleased with you.
You were not hungry.

You visited 4 branches of the dungeon, and saw 21 of its levels.
You also visited: Ice Cave.

You collected 964 gold pieces.

Inventory:

Hand weapons
 y - a +3 dagger of venom (weapon)
 E - a +0 blowgun
 G - a +1 dagger of holy wrath
Missiles
 h - 47 poisoned needles
 m - 7 needles of frenzy
 J - 5 curare-tipped needles
 L - 6 needles of paralysis
Armour
 l - a +2 hat of cold resistance (worn)
 t - a +0 buckler (worn)
 R - the +5 robe of the Special Lies {+Inv rCorr}
   (You found it on level 4 of the Lair of Beasts)

   It lets you turn invisible.
   It protects you from acid and corrosion.
 W - the +0 robe "Gumueton" (worn) {rF+++ MP+9 Str-2 Stlth+}
   (You found it on level 10 of the Dungeon)

   It affects your strength (-2).
   It renders you almost immune to fire.
   It affects your magic capacity (+9).
   It makes you more stealthy.
Jewellery
 s - a ring of wizardry (left hand)
 u - an uncursed ring of protection from fire
 w - an uncursed ring of protection from cold
 B - the ring of Deulesmy (right hand) {Ice MR- Str+4}
   (You found it on level 2 of the Lair of Beasts)

   [ring of ice]

   It enhances your ice magic, and weakens your fire magic.
   It affects your strength (+4).
   It makes you vulnerable to fire.
   It protects you from cold.
   It affects your resistance to hostile enchantments.
 M - an uncursed ring of protection from magic
Magical devices
 a - a wand of frost (19)
 b - a wand of frost (9)
 q - a wand of frost (19)
 x - a wand of invisibility (3)
 z - a wand of polymorph (19)
 F - a wand of disintegration (5)
 I - a wand of lightning (8)
 P - a wand of disintegration (14)
Scrolls
 e - 7 scrolls of remove curse
 j - 5 scrolls of enchant armour
 k - a scroll of teleportation
 o - a scroll of magic mapping
 v - 7 scrolls of identify
 N - 2 scrolls of enchant weapon
 U - 2 scrolls of fog
 X - a scroll of summoning
Potions
 g - 5 potions of heal wounds
 i - 4 potions of curing
 p - 3 potions of might
 D - 3 potions of mutation {unknown}
 Q - 4 potions of degeneration {unknown}
 S - 3 potions of cancellation {unknown}
 T - 2 potions of berserk rage {unknown}
 V - 2 potions of brilliance {unknown}
Books
 c - a book of Maledictions

   Spells                             Type                      Level
   a - Corona                         Hexes                        1
   b - Ensorcelled Hibernation        Hexes/Ice                    2
   c - Confuse                        Hexes                        3
   d - Tukima's Dance                 Hexes                        3
   e - Dazzling Spray                 Conjuration/Hexes            3
 f - a book of the Sky

   Spells                             Type                      Level
   a - Summon Lightning Spire         Summoning/Air                4
   b - Airstrike                      Air                          4
   c - Silence                        Hexes/Air                    5
   d - Deflect Missiles               Charms/Air                   6
   e - Conjure Ball Lightning         Conjuration/Air              6
   f - Tornado                        Air                          9
 C - a book of Conjurations

   Spells                             Type                      Level
   a - Magic Dart                     Conjuration                  1
   b - Searing Ray                    Conjuration                  2
   c - Dazzling Spray                 Conjuration/Hexes            3
   d - Fulminant Prism                Conjuration/Hexes            4
   e - Iskenderun's Mystic Blast      Conjuration                  4
   f - Iskenderun's Battlesphere      Conjuration/Charms           5
 K - a book of Necromancy

   Spells                             Type                      Level
   a - Pain                           Necromancy                   1
   b - Animate Skeleton               Necromancy                   1
   c - Vampiric Draining              Necromancy                   3
   d - Regeneration                   Charms/Necromancy            3
   e - Animate Dead                   Necromancy                   4
   f - Control Undead                 Necromancy                   4
 O - a book of Summonings

   Spells                             Type                      Level
   a - Recall                         Summoning/Translocation      3
   b - Aura of Abjuration             Summoning                    5
   c - Shadow Creatures               Summoning                    5
   d - Summon Demon                   Summoning                    5
   e - Summon Forest                  Summoning/Translocation      5
   f - Summon Mana Viper              Hexes/Summoning              5
 Y - a book of Beasts

   Spells                             Type                      Level
   a - Summon Butterflies             Summoning                    1
   b - Call Canine Familiar           Summoning                    3
   c - Summon Ice Beast               Ice/Summoning                4
   d - Summon Mana Viper              Hexes/Summoning              5
   e - Summon Hydra                   Summoning                    7
 Z - a book of Battle

   Spells                             Type                      Level
   a - Infusion                       Charms                       1
   b - Shroud of Golubria             Charms/Translocation         2
   c - Song of Slaying                Charms                       2
   d - Spectral Weapon                Hexes/Charms                 3
   e - Regeneration                   Charms/Necromancy            3
Comestibles
 d - 6 bread rations
 H - 10 royal jellies


   Skills:
 - Level 1.1 Short Blades
 + Level 13.7 Dodging
 + Level 17.8 Stealth
 - Level 7.0 Shields
 - Level 9.5 Spellcasting
 + Level 14.2 Hexes


You had 19 spell levels left.
You knew the following spells:

 Your Spells              Type           Power        Failure   Level  Hunger
a - Corona                Hex            ######.      1%          1    None
b - Ensorcelled Hibernat  Hex/Ice        #####.       1%          2    None
c - Confuse               Hex            ######..     1%          3    None
d - Dazzling Spray        Conj/Hex       ####....     1%          3    None
e - Tukima's Dance        Hex            ######..     1%          3    None


Dungeon Overview and Level Annotations

Branches:
Dungeon (11/15)            Temple (1/1) D:6            Lair (5/8) D:11
  Swamp (4/4) Lair:5        Snake (0/4) Lair:3
    Orc: D:9-12

Altars:
Ashenzari
Cheibriados
Dithmenos
Elyvilon
Fedhas
Gozag
Kikubaaqudgha
Makhleb
Nemelex Xobeh
Okawaru
Ru
Sif Muna
Trog
Vehumet
Xom
Yredelemnul
Zin
The Shining One

Shops:
D:8 %

Annotations:
D:6 inmateoo's ghost, experienced OgAM
D:8 Gastronok
Swamp:4 Lernaean hydra


Innate Abilities, Weirdness & Mutations

You are tiny and cannot use many weapons and most armour.
You have supernaturally acute eyesight.
You are a herbivore.
You cover ground extremely quickly.
You need consume almost no food.
You have a pair of small antennae on your head.


Message History

A swamp dragon comes into view.
You see here a leather armour.
Read which item? (? for menu, Esc to quit)
As you read the scroll of fear, it crumbles to dust.
You assume a fearsome visage.
The swamp dragon looks frightened!
The swamp dragon roars!
The eight-headed hydra looks frightened!
The eight-headed hydra roars!
The swamp drake looks frightened! x2
The eight-headed hydra looks frightened!
The swamp dragon resists with almost no effort.
The swamp worm looks frightened!
The swamp dragon roars!
You hear a roar!
You enter the shallow water.
Moving in this stuff is going to be slow.
The 27-headed Lernaean hydra comes into view.
The 27-headed Lernaean hydra roars!
The seven-headed hydra roars!
You hear a roar! x3
The swamp dragon bites you!
You die...

#≈≈≈≈##≈(#≈##≈#.#.
#≈.≈≈≈≈.#†§≈#≈≈≈.≈≈≈#
##≈#≈≈≈.≈D≈≈≈≈k≈k≈≈≈
#≈#≈≈.≈$D....≈.≈#≈#
#.≈#≈.#≈≈≈###.≈≈.
#≈#≈≈[#D≈≈.≈≈≈.≈##
##≈#.≈D≈.≈##≈≈.≈.≈##
#≈≈≈.D.#≈..#≈w≈.≈≈≈#
#≈#≈D≈@≈#§≈≈≈#≈§≈≈#
#.≈...≈.≈†#(#≈≈≈D#≈#
##.≈#D#.≈##k##≈≈..≈#
#....≈.......D§i≈≈#
#...≈≈..≈#≈#≈≈≈≈≈##
#≈.≈≈≈.≈≈.≈†D≈#.#≈#
#.##D≈≈.≈.#≈≈≈D≈≈##
## ..#≈≈≈####.≈≈≈#
D≈≈.≈ ##≈k##


You could see the 27-headed Lernaean hydra, a seven-headed hydra, a six-headed
hydra and 2 swamp dragons.

Vanquished Creatures
  A frost giant (IceCv)
  5 hydras
  An alligator (Swamp:1)
  3 swamp dragons
  An unseen horror (D:10)
  An ice statue (IceCv)
  Pikel (D:8)
  A hill giant (D:10)
  A cyclops (D:11)
  A black mamba (Lair:2)
  5 spiny frogs
  4 komodo dragons
  5 fire drakes
  16 polar bears
  3 giant leeches (Swamp:1)
  5 slime creatures (Swamp:1)
  A bog body (Swamp:3)
  4 blink frogs (Lair:4)
  2 deep elf magi
  A hungry ghost (D:10)
  17 yaks
  3 hippogriffs
  Eustachio (D:6)
  3 wargs (D:11)
  A wyvern (D:11)
  14 wolves
  12 swamp worms
  2 soldier ants (D:10)
  3 orc warriors
  4 water moccasins
  4 sky beasts
  A swamp drake (Swamp:2)
  Duvessa (D:6)
  A wasp (D:9)
  7 porcupines
  2 black bears
  2 centaurs
  4 ice beasts
  3 ogres
  7 crocodiles
  A big kobold (D:10)
  10 giant frogs
  Dowan (D:6)
  A scorpion (D:4)
  3 wights (D:9)
  A centaur zombie (D:9)
  A giant frog zombie (D:10)
  A crimson imp (D:6)
  3 jellies
  An electric eel (Lair:5)
  4 hounds
  An orc priest (D:7)
  7 orc wizards
  7 hell rats (Lair:3)
  4 worker ants
  5 iguanas
  A killer bee zombie (D:10)
  A hound zombie (D:7)
  A hound skeleton (D:5)
  3 gnolls (D:3)
  4 adders
  10 river rats (Lair:5)
  An adder skeleton (D:8)
  6 worms
  5 giant geckos
  25 orcs
  A ball python (D:1)
  10 bats
  A bat skeleton (D:4)
  7 goblins
  8 hobgoblins
  10 jackals
  4 quokkas
  3 giant cockroaches
  2 giant newts
  11 kobolds
  A quokka skeleton (D:8)
  12 rats
332 creatures vanquished.

Vanquished Creatures (others)
  A slave (D:8)
  An orc (D:6)
  A fungus (Swamp:4)
3 creatures vanquished.

Grand Total: 335 creatures vanquished

Notes
Turn   | Place    | Note
--------------------------------------------------------------
     0 | D:1      | neecht the Spriggan Enchanter began the quest for the Orb.
     0 | D:1      | Reached XP level 1. HP: 9/9 MP: 5/5
   164 | D:1      | Reached XP level 2. HP: 13/13 MP: 3/7
   168 | D:1      | Learned a level 2 spell: Ensorcelled Hibernation
   474 | D:2      | Found a deep blue altar of Sif Muna.
   619 | D:2      | Reached XP level 3. HP: 8/16 MP: 1/9
   772 | D:3      | Reached skill level 5 in Spellcasting
   857 | D:4      | Noticed a scorpion
   858 | D:4      | Killed a scorpion
   858 | D:4      | Reached skill level 6 in Spellcasting
   858 | D:4      | Reached XP level 4. HP: 21/21 MP: 7/13
   907 | D:4      | Found an opulent altar of Gozag.
  1059 | D:4      | Reached XP level 5. HP: 24/24 MP: 9/15
  1212 | D:5      | Entered Level 5 of the Dungeon
  1220 | D:5      | Reached skill level 7 in Spellcasting
  1229 | D:5      | Learned a level 3 spell: Confuse
  1233 | D:5      | Learned a level 3 spell: Dazzling Spray
  1408 | D:5      | Found a basalt altar of Yredelemnul.
  1555 | D:5      | Noticed an ice beast
  1574 | D:5      | Killed an ice beast
  1574 | D:5      | Reached skill level 8 in Spellcasting
  1574 | D:5      | Reached XP level 6. HP: 21/28 MP: 6/18
  1760 | D:6      | Noticed Eustachio
  1772 | D:6      | Killed Eustachio
  1772 | D:6      | Reached skill level 9 in Spellcasting
  1883 | D:6      | Reached XP level 7. HP: 30/32 MP: 12/21
  1888 | D:6      | Learned a level 3 spell: Tukima's Dance
  1936 | D:6      | Noticed Dowan
  1951 | D:6      | Killed Dowan
  1961 | D:6      | Noticed Duvessa
  2010 | D:6      | Killed Duvessa
  2010 | D:6      | Reached skill level 5 in Stealth
  2053 | D:6      | Reached skill level 1 in Shields
  2142 | D:6      | Noticed inmateoo's ghost (experienced OgAM)
  2237 | D:6      | Reached skill level 5 in Hexes
  2303 | D:6      | Reached XP level 8. HP: 31/36 MP: 7/22
  2309 | D:6      | Found a staircase to the Ecumenical Temple.
  2315 | Temple   | Entered the Ecumenical Temple
  2338 | Temple   | Became a worshipper of Dithmenos the Shadowed
  2543 | D:7      | Found a burning altar of Makhleb.
  2643 | D:8      | Found Toosm's Food Boutique.
  2669 | D:8      | You fall through a shaft for 2 floors!
  2669 | D:10     | Entered Level 10 of the Dungeon
  2669 | D:10     | Noticed a hill giant
  2729 | D:10     | Noticed an unseen horror
  2751 | D:10     | Killed an unseen horror
  2869 | D:10     | Reached XP level 9. HP: 36/39 MP: 4/23
  3245 | D:9      | Reached skill level 10 in Stealth
  3470 | D:8      | Found an iron altar of Okawaru.
  3471 | D:8      | Found a bloodstained altar of Trog.
  3499 | D:8      | Noticed Pikel
  3538 | D:8      | Killed Pikel
  3538 | D:8      | Reached skill level 11 in Stealth
  3538 | D:8      | Reached skill level 5 in Shields
  3552 | D:8      | Acquired Dithmenos's first power
  3633 | D:8      | Noticed Gastronok
  4133 | D:10     | Got a creamy pearl robe
  4144 | D:10     | Identified the +0 robe "Gumueton" {rF+++ MP+9 Str-2 Stlth+} (You found it on level 10 of the Dungeon)
  4308 | D:10     | Reached XP level 10. HP: 44/44 MP: 24/24
  4467 | D:10     | Killed a hill giant
  4568 | D:10     | Reached skill level 12 in Stealth
  4765 | D:11     | Noticed a cyclops
  4768 | D:11     | Killed a cyclops
  4768 | D:11     | Reached skill level 5 in Dodging
  4848 | D:11     | Reached skill level 10 in Hexes
  4868 | D:11     | Found a staircase to the Lair.
  4890 | D:11     | Acquired Dithmenos's second power
  4923 | Lair:1   | Entered Level 1 of the Lair of Beasts
  5045 | Lair:1   | Reached skill level 13 in Stealth
  5185 | Lair:1   | Reached XP level 11. HP: 30/47 MP: 11/25
  5953 | Lair:2   | Got a crude brass ring
  6082 | Lair:3   | Found a staircase to the Snake Pit.
  6097 | Lair:3   | Reached skill level 14 in Stealth
  6113 | Lair:3   | Found an iron altar of Okawaru.
  6126 | Lair:3   | Acquired Dithmenos's third power
  6190 | Lair:3   | Found a frozen archway.
  6223 | IceCv    | Entered an ice cave
  6224 | IceCv    | Upgraded the game from 0.17-a0-1164-g0ba867e to 0.17-a0-1174-ge06b3cc
  6545 | IceCv    | Noticed an ice statue
  6568 | IceCv    | Reached skill level 10 in Dodging
  6761 | IceCv    | Killed an ice statue
  6861 | IceCv    | Reached skill level 15 in Stealth
  6992 | IceCv    | Reached XP level 12. HP: 30/51 MP: 8/26
  7062 | IceCv    | Noticed a frost giant
  7286 | IceCv    | Killed a frost giant
  7536 | Lair:4   | Reached skill level 16 in Stealth
  7597 | Lair:4   | Got a faintly glowing robe
  7621 | Lair:4   | Identified the ring of Deulesmy {Ice MR- Str+4} (You found it on level 2 of the Lair of Beasts)
  7683 | Lair:4   | Identified the +5 robe of the Special Lies {+Inv rCorr} (You found it on level 4 of the Lair of Beasts)
  7937 | Lair:5   | Acquired Dithmenos's fourth power
  8091 | Lair:5   | Found a staircase to the Swamp.
  8112 | Lair:5   | Gained mutation: You have a pair of small antennae on your head. [potion of beneficial mutation]
  8116 | Swamp:1  | Entered Level 1 of the Swamp
  8201 | Swamp:1  | Noticed a six-headed hydra
  8227 | Swamp:1  | Noticed an eight-headed hydra
  8236 | Swamp:1  | Killed an eight-headed hydra
  8236 | Swamp:1  | Reached skill level 17 in Stealth
  8301 | Swamp:1  | Reached XP level 13. HP: 55/55 MP: 26/27
  8470 | Swamp:4  | Entered Level 4 of the Swamp
  8472 | Swamp:4  | Noticed a thorn hunter
  8514 | Swamp:4  | Noticed the 27-headed Lernaean hydra
  8516 | Swamp:4  | Slain by a swamp dragon

Vault maps used:
D:1:      mrwooster_arrival_statue_3
D:2:      lemuel_crystal_altar, serial_bayou_ford_a
D:3:      goddamned_bats, uniq_terence
D:4:      nicolae_gozag_seed_capital, nicolae_overflow_hidden_temple
D:5:      forest_paths, first_bread, basic_altar
D:6:      minmay_temple_entry_nine_rooms, nicolae_ru_the_path_less_chosen,
          uniq_eustachio, uniq_duvessa
D:7:      lemuel_crystal_altar
D:8:      grunt_temple_overflow_bloody_war, serial_shops, shop, uniq_pikel,
          uniq_gastronok
D:10:     hangedman_pestilent_swarm, minmay_misc_feat_ornament
D:11:     erik_lair_orcish_takeover, serial_shops, shop_statue,
          fedhas_altar_decomposition
Temple:   circular_temple_13
Lair:1:   beast_lair_carwin_large_2, minivault_26
Lair:3:   dummy_snake_entry, portal_ice_cave_entry_pillars_02, basic_altar,
          grunt_megastairs_3
Lair:4:   guppyfry_lair_drakes
Lair:5:   nicolae_swamp_entry_splash_gauntlet
Swamp:1:  serial_swamp_ruin, evilmike_swamp_ruin_house_4,
          evilmike_swamp_ruin_house_5, evilmike_swamp_ruin_house_2,
          infiniplex_staircase_pool
Swamp:2:  nicolae_swamp_trees_clearing
Swamp:3:  evilmike_swamp_ruin_rubble_1
Swamp:4:  swamp_old_school
IceCv:    ice_cave_small_giant

Action                   |  1- 3 |  4- 6 |  7- 9 | 10-12 | 13-15 || total
-------------------------+-------+-------+-------+-------+-------++-------
Melee: Dagger            |    68 |    66 |   168 |   271 |    12 ||   585
 Cast: Corona            |     2 |       |       |       |       ||     2
       Ensorcelled Hiber |    15 |    17 |    67 |   168 |     6 ||   273
       Confuse           |       |     5 |    16 |    34 |       ||    55
       Dazzling Spray    |       |       |     1 |    11 |       ||    12
Invok: Shadow Step       |       |       |       |       |     2 ||     2
Evoke: Wand              |       |       |       |       |     1 ||     1
  Use: Scroll            |       |       |     8 |     6 |     4 ||    18
       Potion            |       |       |     2 |     9 |     1 ||    12
 Stab: Sleeping          |    18 |    16 |    63 |   147 |    11 ||   255
       Confused          |       |     2 |     6 |    23 |       ||    31
       Invisible         |       |       |     1 |     1 |       ||     2
       Distracted        |       |       |     1 |       |       ||     1
       Fleeing           |       |       |       |     2 |       ||     2
  Eat: Fruit             |       |       |       |     3 |       ||     3
       Pizza             |       |       |       |     2 |       ||     2
